APL (24 & UNDER)
SAVANNAH HOGS @ BEAVERTON BRONZE SOULS
07/25/2027
 
TOP OF THE 1ST
Savannah Hogs batting - Pitching for Beaverton Bronze Souls : RHP Ramón Marerro
Pitching: RHP Ramón Marerro
Batting: RHB Anastasio Movonda 0-0: Called Strike
0-1: Called Strike
0-2: Strikes out swinging
Batting: LHB Jim Clemente 0-0: Called Strike
0-1: Called Strike
0-2: Ball
1-2: Strikes out swinging
Batting: RHB Henry Dawson 0-0: Called Strike
0-1: Foul Ball, location: 2F
0-2: Strikes out swinging
Top of the 1st over - 0 run(s), 0 hit(s), 0 error(s), 0 left on base; Savannah 0 - Beaverton 0
BOTTOM OF THE 1ST
Beaverton Bronze Souls batting - Pitching for Savannah Hogs : RHP Ubaldo Tavaia
Pitching: RHP Ubaldo Tavaia
Batting: LHB Joel Nelson 0-0: Ball
1-0: Called Strike
1-1: Ball
2-1: Ball
3-1: Base on Balls
Batting: LHB Luis Aragón 0-0: Called Strike
0-1: Foul Ball, location: 2F
0-2: Strikes out swinging
Batting: LHB Chance Santry 0-0: Foul Ball, location: 2F
0-1: Foul Ball, location: 2F
0-2: Ball
1-2: SINGLE (Flyball, 8RS)
Joel Nelson to second
Runner from 2nd tries for 3rd, SAFE, no throw
Batting: RHB David Kerr 0-0: Ball
1-0: Ball
2-0: Ball
3-0: Called Strike
3-1: Base on Balls
Chance Santry to second
Batting: RHB Carlos Guevara 0-0: Ball
1-0: Ball
2-0: SINGLE (Groundball, 4MD)
Joel Nelson scores
Chance Santry to third
David Kerr to second
Batting: SHB Dawson Fowler 0-0: Ball
1-0: Ball
2-0: SINGLE (Groundball, 34D)
Chance Santry scores
David Kerr to third
Carlos Guevara to second
Runner from 3rd tries for Home, SAFE, no throw
Batting: RHB José Dávila 0-0: Swinging Strike
0-1: Fly out, F7 (Flyball, 7)
Batting: RHB Joe Brinkman 0-0: Ball
1-0: Ball
2-0: Ball
3-0: Base on Balls
Carlos Guevara to third
Dawson Fowler to second
Batting: RHB Juan Becerra 0-0: Ball
1-0: Fly out, F4 (Popup, 34D)
Bottom of the 1st over - 3 run(s), 3 hit(s), 0 error(s), 3 left on base; Savannah 0 - Beaverton 3
TOP OF THE 2ND
Savannah Hogs batting - Pitching for Beaverton Bronze Souls : RHP Ramón Marerro
Batting: RHB Sergio Moreno 0-0: Ball
1-0: Ball
2-0: Swinging Strike
2-1: Fly out, F8 (Flyball, 8LM)
Batting: RHB Remi Eruzione 0-0: Ball
1-0: Ball
2-0: Ball
3-0: Called Strike
3-1: Called Strike
3-2: Foul Ball, location: 2F
3-2: Fly out, F9 (Flyball, 9LM)
Batting: LHB Pedro Medine 0-0: Ball
1-0: Called Strike
1-1: Ball
2-1: Called Strike
2-2: Strikes out swinging
Top of the 2nd over - 0 run(s), 0 hit(s), 0 error(s), 0 left on base; Savannah 0 - Beaverton 3
BOTTOM OF THE 2ND
Beaverton Bronze Souls batting - Pitching for Savannah Hogs : RHP Ubaldo Tavaia
Batting: LHB Joel Nelson 0-0: Ball
1-0: Ball
2-0: Ground out 4-3 (Groundball, 4M)
Batting: LHB Luis Aragón 0-0: Ground out 4-3 (Groundball, 34)
Batting: LHB Chance Santry 0-0: Ball
1-0: Foul Ball, location: 2F
1-1: Called Strike
1-2: Foul Ball, location: 2F
1-2: Foul Ball, location: 2F
1-2: Ball
2-2: Foul Ball, location: 2F
2-2: Ball
3-2: Ground out U3 (Groundball, 3)
Bottom of the 2nd over - 0 run(s), 0 hit(s), 0 error(s), 0 left on base; Savannah 0 - Beaverton 3
TOP OF THE 3RD
Savannah Hogs batting - Pitching for Beaverton Bronze Souls : RHP Ramón Marerro
Batting: LHB Ivan Costello 0-0: Foul Ball, location: 2F
0-1: Ball
1-1: Foul Ball, location: 2F
1-2: Foul Ball, location: 2F
1-2: Strikes out swinging
Batting: LHB Marv Alexander 0-0: Ground out 1-3 (Groundball, P)
Batting: RHB Ernesto Gómez 0-0: Ball
1-0: Ball
2-0: Foul Ball, location: 2F
2-1: Called Strike
2-2: DOUBLE (Line Drive, 89M)
Batting: RHB Anastasio Movonda 0-0: Swinging Strike
0-1: Called Strike
0-2: Ball
1-2: Strikes out swinging
Top of the 3rd over - 0 run(s), 1 hit(s), 0 error(s), 1 left on base; Savannah 0 - Beaverton 3
BOTTOM OF THE 3RD
Beaverton Bronze Souls batting - Pitching for Savannah Hogs : RHP Ubaldo Tavaia
Batting: RHB David Kerr 0-0: Ball
1-0: Ball
2-0: Ball
3-0: Called Strike
3-1: Foul Ball, location: 2F
3-2: Strikes out looking
Batting: RHB Carlos Guevara 0-0: SINGLE (Line Drive, 6MD)
Batting: SHB Dawson Fowler 0-0: Called Strike
0-1: Foul Ball, location: 2F
0-2: Ball
1-2: Foul Ball, location: 2F
1-2: DOUBLE (Line Drive, 89XD)
Carlos Guevara to third
Batting: RHB José Dávila 0-0: Foul Ball, location: 2F
0-1: Foul Ball, location: 2F
0-2: Ball
1-2: Strikes out looking
Batting: RHB Joe Brinkman 0-0: Ball
Wild Pitch!
Carlos Guevara scores
Dawson Fowler to third
1-0: Swinging Strike
1-1: Foul Ball, location: 2F
1-2: Ground out 5-3 (Groundball, 56)
Bottom of the 3rd over - 1 run(s), 2 hit(s), 0 error(s), 1 left on base; Savannah 0 - Beaverton 4
TOP OF THE 4TH
Savannah Hogs batting - Pitching for Beaverton Bronze Souls : RHP Ramón Marerro
Batting: LHB Jim Clemente 0-0: Swinging Strike
0-1: Called Strike
0-2: Ball
1-2: Strikes out looking
Batting: RHB Henry Dawson 0-0: Ball
1-0: Foul Ball, location: 2F
1-1: Swinging Strike
1-2: Strikes out swinging
Batting: RHB Sergio Moreno 0-0: Called Strike
0-1: Ball
1-1: Swinging Strike
1-2: Ball
2-2: Ball
3-2: SINGLE (Groundball, 56D)
Batting: RHB Remi Eruzione 0-0: Called Strike
0-1: Ball
1-1: Foul Ball, location: 2F
1-2: Hit by Pitch
Sergio Moreno to second
Batting: LHB Pedro Medine 0-0: Ball
1-0: Called Strike
1-1: Foul Ball, location: 2F
1-2: Foul Ball, location: 2F
1-2: Ball
2-2: Foul Ball, location: 2F
2-2: Ball
3-2: Foul Ball, location: 2F
3-2: Foul Ball, location: 2F
3-2: Base on Balls
Sergio Moreno to third
Remi Eruzione to second
Batting: LHB Ivan Costello 0-0: Called Strike
0-1: Fielders Choice at 2nd, 4-6 (Groundball, 4)
Top of the 4th over - 0 run(s), 1 hit(s), 0 error(s), 2 left on base; Savannah 0 - Beaverton 4
BOTTOM OF THE 4TH
Beaverton Bronze Souls batting - Pitching for Savannah Hogs : RHP Ubaldo Tavaia
Batting: RHB Juan Becerra 0-0: Swinging Strike
0-1: Called Strike
0-2: Strikes out swinging
Batting: LHB Joel Nelson 0-0: Foul Ball, location: 2F
0-1: Fly out, F7 (Flyball, 78M)
Batting: LHB Luis Aragón 0-0: Called Strike
0-1: Fly out, F8 (Flyball, 8LD)
Bottom of the 4th over - 0 run(s), 0 hit(s), 0 error(s), 0 left on base; Savannah 0 - Beaverton 4
TOP OF THE 5TH
Savannah Hogs batting - Pitching for Beaverton Bronze Souls : RHP Ramón Marerro
Batting: LHB Marv Alexander 0-0: Ball
1-0: Called Strike
1-1: Ball
2-1: Ground out 4-3 (Groundball, 4)
Batting: RHB Ernesto Gómez 0-0: Called Strike
0-1: Ball
1-1: Ground out 4-3 (Groundball, 4M)
Batting: RHB Anastasio Movonda 0-0: Swinging Strike
0-1: Ball
1-1: Called Strike
1-2: Ball
2-2: Ball
3-2: SINGLE (Groundball, 4MD)
Pitching: RHP Roberto Deleón
Batting: LHB Jim Clemente 0-0: Ball
Wild Pitch!
Anastasio Movonda to second
1-0: Ball
2-0: Ground out 4-3 (Groundball, 34D)
Top of the 5th over - 0 run(s), 1 hit(s), 0 error(s), 1 left on base; Savannah 0 - Beaverton 4
BOTTOM OF THE 5TH
Beaverton Bronze Souls batting - Pitching for Savannah Hogs : RHP Ubaldo Tavaia
Batting: LHB Chance Santry 0-0: Fly out, F7 (Flyball, 7D)
Batting: RHB David Kerr 0-0: Ball
1-0: Ball
2-0: Called Strike
2-1: Ball
3-1: Called Strike
3-2: Base on Balls
Batting: RHB Carlos Guevara 0-0: Called Strike
0-1: Ball
1-1: Ball
2-1: SINGLE (Line Drive, 7S)
David Kerr to second
Batting: SHB Dawson Fowler 0-0: Called Strike
0-1: Ball
1-1: SINGLE (Line Drive, 9S)
David Kerr to third
Carlos Guevara to second
Pitching: RHP Álex Solano
Batting: RHB José Dávila 0-0: Fly out, F1 (Line Drive, 13)
Batting: RHB Joe Brinkman 0-0: Fly out, F9 (Flyball, 9S)
Bottom of the 5th over - 0 run(s), 2 hit(s), 0 error(s), 3 left on base; Savannah 0 - Beaverton 4
TOP OF THE 6TH
Savannah Hogs batting - Pitching for Beaverton Bronze Souls : RHP Roberto Deleón
Batting: RHB Henry Dawson 0-0: Ball
1-0: Foul Ball, location: 2F
1-1: Foul Ball, location: 2F
1-2: Ball
2-2: Ball
3-2: Base on Balls
Batting: RHB Sergio Moreno 0-0: Called Strike
Henry Dawson steals 2nd base
0-1: Ball
1-1: Ball
2-1: Ball
3-1: Foul Ball, location: 2F
3-2: Fly out, F9 (Flyball, 9LS)
Batting: RHB Remi Eruzione 0-0: Foul Ball, location: 2F
0-1: Ball
1-1: Called Strike
1-2: Strikes out looking
Batting: LHB Pedro Medine 0-0: Called Strike
0-1: Foul Ball, location: 2F
0-2: Ball
1-2: Foul Ball, location: 2F
1-2: Ball
2-2: Foul Ball, location: 2F
2-2: SINGLE (Line Drive, 4MD)
Henry Dawson to third
Batting: LHB Ivan Costello 0-0: Called Strike
0-1: SINGLE (Groundball, 4D)
Henry Dawson scores
Pedro Medine to second
Runner from 2nd tries for 3rd, SAFE, throw made to third
Batting: LHB Marv Alexander 0-0: Called Strike
0-1: SINGLE (Line Drive, 34)
Pedro Medine scores
Ivan Costello to second
Pitching: RHP Víctor Hernández
Batting: RHB Ernesto Gómez 0-0: Ball
1-0: Foul Ball, location: 2F
1-1: Swinging Strike
1-2: Strikes out swinging
Top of the 6th over - 2 run(s), 3 hit(s), 0 error(s), 2 left on base; Savannah 2 - Beaverton 4
BOTTOM OF THE 6TH
Beaverton Bronze Souls batting - Pitching for Savannah Hogs : RHP Álex Solano
Batting: RHB Juan Becerra 0-0: Swinging Strike
0-1: Called Strike
0-2: Strikes out swinging
Batting: LHB Joel Nelson 0-0: Ball
1-0: Ball
2-0: Ball
3-0: Foul Ball, location: 2F
3-1: Base on Balls
Batting: LHB Luis Aragón 0-0: Called Strike
0-1: Ball
Joel Nelson steals 2nd base
1-1: Foul Ball, location: 2F
1-2: Foul Ball, location: 2F
1-2: Ball
2-2: DOUBLE (Flyball, 78M)
Joel Nelson scores
Batting: LHB Chance Santry 0-0: Foul Ball, location: 2F
0-1: Ball
1-1: Ball
2-1: Ball
3-1: Base on Balls
Batting: RHB David Kerr 0-0: Called Strike
0-1: Ball
1-1: Ball
2-1: Foul Ball, location: 2F
2-2: Ball
3-2: Base on Balls
Luis Aragón to third
Chance Santry to second
Batting: RHB Carlos Guevara 0-0: Ball
1-0: Ball
2-0: Called Strike
2-1: Ball
3-1: Base on Balls
Luis Aragón scores
Chance Santry to third
David Kerr to second
Pitching: RHP Jorge Durán
Batting: SHB Dawson Fowler 0-0: Called Strike
0-1: Foul Ball, location: 2F
0-2: Foul Ball, location: 2F
0-2: Strikes out swinging
Batting: RHB José Dávila 0-0: Ball
1-0: Ball
2-0: Foul Ball, location: 2F
2-1: Swinging Strike
2-2: Foul Ball, location: 2F
2-2: Strikes out swinging
Bottom of the 6th over - 2 run(s), 1 hit(s), 0 error(s), 3 left on base; Savannah 2 - Beaverton 6
TOP OF THE 7TH
Savannah Hogs batting - Pitching for Beaverton Bronze Souls : RHP Víctor Hernández
Batting: RHB Anastasio Movonda 0-0: Called Strike
0-1: Ball
1-1: Called Strike
1-2: Ball
2-2: Ball
3-2: Foul Ball, location: 2F
3-2: Strikes out swinging
Batting: LHB Jim Clemente 0-0: Called Strike
0-1: Ball
1-1: Called Strike
1-2: Foul Ball, location: 2F
1-2: Foul Ball, location: 2F
1-2: Strikes out swinging
Batting: RHB Henry Dawson 0-0: Called Strike
0-1: Swinging Strike
0-2: Ball
1-2: Foul Ball, location: 2F
1-2: Strikes out swinging
Top of the 7th over - 0 run(s), 0 hit(s), 0 error(s), 0 left on base; Savannah 2 - Beaverton 6
BOTTOM OF THE 7TH
Beaverton Bronze Souls batting - Pitching for Savannah Hogs : RHP Jorge Durán
Batting: RHB Joe Brinkman 0-0: Swinging Strike
0-1: Foul Ball, location: 2F
0-2: Ball
1-2: Ball
2-2: Strikes out swinging
Batting: RHB Juan Becerra 0-0: Ball
1-0: Fly out, F7 (Line Drive, 78M)
Batting: LHB Joel Nelson 0-0: Called Strike
0-1: Ball
1-1: Swinging Strike
1-2: Foul Ball, location: 2F
1-2: Foul Ball, location: 2F
1-2: Ball
2-2: Foul Ball, location: 2F
2-2: SOLO HOME RUN (Flyball, 9D), Distance : 364 ft
Batting: LHB Luis Aragón 0-0: Ball
1-0: Ball
2-0: Ball
3-0: Called Strike
3-1: Base on Balls
Batting: LHB Chance Santry 0-0: Called Strike
0-1: Ball
1-1: Called Strike
1-2: Ball
2-2: Foul Ball, location: 2F
2-2: Foul Ball, location: 2F
2-2: Ball
3-2: Foul Ball, location: 2F
3-2: SINGLE (Groundball, 5D)
Luis Aragón to second
Luis Aragón to third
Batting: RHB David Kerr 0-0: Ball
1-0: Foul Ball, location: 2F
1-1: Ball
2-1: Ball
3-1: Swinging Strike
3-2: Base on Balls
Chance Santry to second
Batting: RHB Carlos Guevara 0-0: Foul Ball, location: 2F
0-1: SINGLE (Line Drive, 4MD)
Luis Aragón scores
Chance Santry to third
David Kerr to second
Runner from 3rd tries for Home, SAFE, throw made home
David Kerr to third
Carlos Guevara to second
Pitching: RHP Luis Sánchez
Batting: SHB Dawson Fowler 0-0: Ball
1-0: Ball
2-0: Called Strike
2-1: Ball
3-1: Called Strike
3-2: Ground out 4-3 (Groundball, 34)
Bottom of the 7th over - 3 run(s), 3 hit(s), 0 error(s), 2 left on base; Savannah 2 - Beaverton 9
TOP OF THE 8TH
Savannah Hogs batting - Pitching for Beaverton Bronze Souls : RHP Víctor Hernández
Batting: RHB Sergio Moreno 0-0: Ball
1-0: Ball
2-0: Called Strike
2-1: Fly out, F8 (Flyball, 89M)
Batting: RHB Remi Eruzione 0-0: Called Strike
0-1: Called Strike
0-2: Ball
1-2: Strikes out swinging
Batting: LHB Pedro Medine 0-0: Ball
1-0: Called Strike
1-1: Foul Ball, location: 2F
1-2: Fly out, F9 (Flyball, 9D)
Top of the 8th over - 0 run(s), 0 hit(s), 0 error(s), 0 left on base; Savannah 2 - Beaverton 9
BOTTOM OF THE 8TH
Beaverton Bronze Souls batting - Pitching for Savannah Hogs : RHP Luis Sánchez
Batting: RHB José Dávila 0-0: Ball
1-0: Called Strike
1-1: Ball
2-1: Ground out 4-3 (Groundball, 4M)
Batting: RHB Joe Brinkman 0-0: Ball
1-0: Ball
2-0: Ball
3-0: Called Strike
3-1: Base on Balls
Batting: RHB Juan Becerra 0-0: Ball
1-0: Ball
2-0: Ball
3-0: Base on Balls
Joe Brinkman to second
Batting: LHB Joel Nelson 0-0: SINGLE (Line Drive, 89S)
Joe Brinkman to third
Juan Becerra to second
Batting: LHB Luis Aragón 0-0: Called Strike
0-1: Ball
Wild Pitch!
Joe Brinkman scores
Juan Becerra to third
Joel Nelson to second
1-1: Ball
2-1: Ground out 4-3 (Groundball, 4)
Juan Becerra scores
Joel Nelson to third
Batting: LHB Chance Santry 0-0: Ball
1-0: Ball
2-0: DOUBLE (Line Drive, 9LM)
Joel Nelson scores
Pitching: RHP António Baca
Batting: RHB David Kerr 0-0: Foul Ball, location: 2F
0-1: Ball
1-1: Foul Ball, location: 2F
1-2: Ball
2-2: Ball
3-2: Ground out 1-3 (Groundball, 13S)
Bottom of the 8th over - 3 run(s), 2 hit(s), 0 error(s), 1 left on base; Savannah 2 - Beaverton 12
TOP OF THE 9TH
Savannah Hogs batting - Pitching for Beaverton Bronze Souls : RHP Víctor Hernández
Now at C: Carlos Carrillo
Batting: LHB Ivan Costello 0-0: Called Strike
0-1: Foul Ball, location: 2F
0-2: Ball
1-2: Ball
2-2: Ball
3-2: Strikes out swinging
Batting: LHB Marv Alexander 0-0: Foul Ball, location: 2F
0-1: Ball
1-1: Called Strike
1-2: Strikes out swinging
Pinch Hitting: LHB Juan Delgado 0-0: Called Strike
0-1: Ball
1-1: Called Strike
1-2: Strikes out swinging
Top of the 9th over - 0 run(s), 0 hit(s), 0 error(s), 0 left on base; Savannah 2 - Beaverton 12
Thursday, March 30th, 2017 - OOTP Baseball 17.12 Build 75